 Dungeon Crawl Stone Soup version 0.22-a0-348-gd16d139 (webtiles) character file.

38615 b5mith the Basher (level 14, 0/115 HPs)
             Began as a Human Berserker on Apr 7, 2018.
             Was the Champion of Trog.
             Succumbed to Nessos's poison
             ... on level 15 of the Dungeon.
             The game lasted 00:49:29 (16675 turns).

b5mith the Basher (Human Berserker)                Turns: 16675, Time: 00:49:30

Health: 0/115      AC: 16    Str: 26    XL:     14   Next: 35%
Magic:  14/14      EV: 17    Int:  8    God:    Trog [******]
Gold:   380        SH:  3    Dex: 13    Spells: 13/13 levels left

rFire    . . .     SeeInvis .   a - +9 dire flail (drain)
rCold    . . .     Gourm    .   (shield currently unavailable)
rNeg     + . .     Faith    .   Y - +3 scale mail {rN+}
rPois    .         Spirit   .   h - +0 helmet
rElec    .         Reflect  +   A - +0 cloak
rCorr    .         Harm     .   p - +0 pair of gloves
MR       ++...                  (no boots)
Stlth    ..........             s - +3 amulet of reflection
HPRegen  0.29/turn              K - +4 ring of slaying
MPRegen  0.14/turn              W - +4 ring of strength

@: lethally poisoned (0 -> -20), very slightly contaminated, hasted, invisible,
very quick
A: blink, magic resistance 1
a: Blink, Berserk, Trog's Hand, Brothers in Arms, Renounce Religion


You were on level 15 of the Dungeon.
You worshipped Trog.
Trog was exalted by your worship.
You were hungry.

You visited 1 branch of the dungeon, and saw 15 of its levels.

You collected 888 gold pieces.
You spent 508 gold pieces at shops.

Inventory:

Hand Weapons
 a - a +9 dire flail of draining (weapon)
   (You took it off Edmund on level 4 of the Dungeon)
 b - a +0 hunting sling
   (You found it on level 1 of the Dungeon)
 C - a +4 quarterstaff of chaos
   (You took it off Crazy Yiuf on level 5 of the Dungeon)
 U - a +6 antimagic great mace
   (Trog gifted it to you on level 9 of the Dungeon)
Missiles
 e - 6 javelins
 G - 23 tomahawks (quivered)
Armour
 h - a +0 helmet (worn)
   (You found it on level 12 of the Dungeon)
 p - a +0 pair of gloves (worn)
   (You found it on level 12 of the Dungeon)
 x - a +0 helmet
   (You found it on level 14 of the Dungeon)
 A - a +0 cloak (worn)
   (You took it off Crazy Yiuf on level 5 of the Dungeon)
 Y - a +3 scale mail of positive energy (worn)
   (You found it on level 11 of the Dungeon)
Jewellery
 s - a +3 amulet of reflection (around neck)
   (You found it on level 2 of the Dungeon)
 t - an uncursed amulet of harm
   (You found it on level 3 of the Dungeon)
 y - an uncursed amulet of guardian spirit
   (You took it off a tengu warrior on level 13 of the Dungeon)
 z - a +2 ring of dexterity
   (You bought it in a shop on level 4 of the Dungeon)
 F - a +3 amulet of reflection
   (You found it on level 15 of the Dungeon)
 H - an uncursed ring of flight
   (You found it on level 7 of the Dungeon)
 I - an uncursed ring of ice
   (You found it on level 7 of the Dungeon)
 K - a +4 ring of slaying (left hand)
   (You found it on level 7 of the Dungeon)
 V - an uncursed ring of wizardry
   (You found it on level 14 of the Dungeon)
 W - a +4 ring of strength (right hand)
   (You bought it in a shop on level 8 of the Dungeon)
 X - an uncursed ring of positive energy
   (You found it on level 10 of the Dungeon)
Wands
 g - a wand of polymorph (12)
   (You found it on level 13 of the Dungeon)
 r - a wand of enslavement (9)
   (You found it on level 13 of the Dungeon)
 B - a wand of flame (45)
   (You found it on level 5 of the Dungeon)
 L - a wand of iceblast (9)
   (You found it on level 7 of the Dungeon)
 S - a wand of random effects (34)
   (You took it off an orc wizard on level 9 of the Dungeon)
Scrolls
 f - 6 scrolls of magic mapping
 j - 2 scrolls of fear
 k - a scroll of holy word {unknown}
 l - 12 scrolls of remove curse {@r2}
 n - a scroll of immolation {unknown}
 q - 3 scrolls of enchant armour
 u - 6 scrolls of identify {@r1}
 w - a scroll of fog
 D - 2 scrolls of brand weapon {unknown}
 J - 6 scrolls of teleportation
 N - a scroll of vulnerability {unknown}
 P - a scroll of noise {unknown}
 Q - a scroll of acquirement {unknown}
Potions
 d - 2 potions of magic {unknown}
 i - 5 potions of curing {@q1}
 m - a potion of invisibility
 o - 2 potions of degeneration {unknown}
 E - 2 potions of brilliance {unknown}
 M - 3 potions of haste
 O - 2 potions of cancellation {unknown}
 R - a potion of agility {unknown}
 T - 2 potions of berserk rage
Miscellaneous
 v - a phial of floods
   (You found it on level 14 of the Dungeon)
Comestibles
 c - 29 rations


   Skills:
 + Level 12.0 Fighting
 * Level 12.9 Maces & Flails
 + Level 11.8 Armour
 + Level 11.8 Dodging


You had 13 spell levels left.
You didn't know any spells.

Dungeon Overview and Level Annotations

Branches:
Dungeon (15/15)            Temple (0/1) D:5            Lair (0/6) D:8
    Orc (0/2) D:11         Vaults (0/5) D:13
 Depths: D:15

Altars:
Gozag
Trog
Vehumet

Shops:
D:4 *   D:8 *

Annotations:
D:12 Terra's ghost, journeyman MfSk
D:15 Nessos


Innate Abilities, Weirdness & Mutations

You can translocate small distances at will.
You are resistant to hostile enchantments. (MR+)


Message History

The orc moves out of view.
You feel sick.
Nessos shoots an arrow.
The arrow hits you! The arrow burns you.
* * * LOW HITPOINT WARNING * * *
Nessos shoots an arrow.
The arrow hits you but does no damage.
You see here an arrow.
You feel sick.
Nessos shoots an arrow.
The arrow hits you.
* * * LOW HITPOINT WARNING * * *
The arrow burns you.
You are more poisoned.
* * * LOW HITPOINT WARNING * * *
Nessos shoots an arrow.
The arrow hits you!
* * * LOW HITPOINT WARNING * * *
The arrow burns you.
You are lethally poisoned!
* * * LOW HITPOINT WARNING * * *
You see here 2 arrows.
* * * LOW HITPOINT WARNING * * *
You feel very sick.
* * * LOW HITPOINT WARNING * * *
You feel very sick.
You feel better.
You fade into invisibility!
Nessos shoots an arrow.
The arrow hits the orc warrior!!
The arrow burns the orc warrior!
The orc warrior looks as sick as possible!
The orc warrior dies!
Nessos shoots an arrow.
The arrow hits you!!
* * * LOW HITPOINT WARNING * * *
The arrow burns you.
You are poisoned.
* * * LOW HITPOINT WARNING * * *
You are very lightly contaminated with residual magic.
* * * LOW HITPOINT WARNING * * *
You feel sick.
Nessos shoots an arrow.
You reflect the arrow off an invisible shield around you!
The arrow hits Nessos!!
The arrow burns Nessos!
Okay, then.
You feel better.
Nessos shoots an arrow.
The arrow hits you but does no damage.
Nessos shoots an arrow.
The arrow hits you but does no damage.
You feel yourself speed up.
Nessos shoots an arrow.
The arrow hits you!
* * * LOW HITPOINT WARNING * * *
The arrow burns you.
You are lethally poisoned!
* * * LOW HITPOINT WARNING * * *
Nessos shoots an arrow.
The arrow barely misses the orc.
The arrow barely misses you.
* * * LOW HITPOINT WARNING * * *
You feel sick.
Found 12 gold pieces.
You die...

# #⌠..#(..)
##.#...((#.)
..#...#.### .#.#.#..###
### # ..#.....##. ....
.#.....#.######. .#...
..#.$ #.# #.
......#####.####.#
#.###
#.....@...#.....###....
##.####...coo......####
#.(o#.(#.###.# #
######....# # # #.#o(#
# #.##.# # #.......# #
#c##.#### #
#?..#o#######


You could see Nessos and 3 orcs.

Vanquished Creatures
  An ettin (D:15)
  Josephine (D:15)
  3 hydras
  2 centaur warriors
  Erica (D:7)
  An ogre mage (D:15)
  10 two-headed ogres
  A tengu warrior (D:13)
  Urug (D:11)
  A necromancer (D:13)
  A deep elf mage (D:13)
  4 manticores
  A cyclops (D:11)
  2 gargoyles
  3 meliai (D:14)
  A polar bear (D:11)
  2 trolls (D:11)
  3 hornets
  9 slime creatures (D:14)
  A meliai zombie (D:14)
  2 hippogriffs (D:10)
  A centaur simulacrum (D:11)
  A shadow (D:14)
  2 wyverns
  2 vampires
  3 water elementals
  10 wraiths
  16 yaks
  A steam dragon (D:8)
  A basilisk (D:15)
  A hungry ghost (D:13)
  11 vampire mosquitoes
  2 soldier ants
  2 acid dragons
  Edmund (D:4)
  4 water moccasins
  A floating eye (shapeshifter) (D:15)
  2 porcupines
  7 orc warriors
  A black bear (D:8)
  5 ice beasts
  4 sky beasts
  4 phantoms
  An eye of draining (D:9)
  9 ogres
  A wolf (D:11)
  5 centaurs
  2 crocodiles
  13 bullfrogs
  2 big kobolds
  A wyvern zombie (D:12)
  A wyvern skeleton (D:8)
  8 scorpions
  11 killer bees
  16 wights
  2 electric eels (D:11)
  7 howler monkeys
  5 crimson imps
  7 jellies
  2 quasits
  5 bullfrog zombies
  Crazy Yiuf (D:5)
  A wyvern simulacrum (D:11)
  6 hounds
  7 orc priests
  11 orc wizards
  A bullfrog skeleton (D:6)
  3 centaur skeletons
  4 iguanas
  12 worker ants
  2 hound skeletons
  A worker ant zombie (D:5)
  2 gnolls (D:4)
  13 adders
  4 shadow imps
  15 white imps
  2 oozes
  An adder skeleton (D:7)
  2 worms
  4 dart slugs
  7 leopard geckos
  48 orcs
  5 bats
  4 giant cockroaches
  6 goblins
  5 hobgoblins
  11 jackals
  20 kobolds
  5 quokkas
  4 ball pythons
  3 frilled lizards
  A quokka zombie (D:9)
  8 rats
450 creatures vanquished.

Vanquished Creatures (others)
  An orc warrior (D:15)
  A gnoll (D:4)
  An adder (D:11)
  A white imp (D:11)
  An ufetubus (D:11)
  A frilled lizard (D:4)
  4 fungi (D:8)
  A plant (D:8)
11 creatures vanquished.

Grand Total: 461 creatures vanquished

Notes
Turn   | Place    | Note
-------+----------+-------------------------------------------
     0 | D:1      | b5mith the Human Berserker began the quest for the Orb.
     0 | D:1      | Reached XP level 1. HP: 18/18 MP: 1/1
   260 | D:1      | Reached XP level 2. HP: 24/24 MP: 2/2
   433 | D:1      | Reached XP level 3. HP: 29/29 MP: 3/3
   685 | D:1      | Reached ** piety under Trog
  1066 | D:2      | Reached XP level 4. HP: 35/35 MP: 4/4
  1123 | D:2      | Found a bloodstained altar of Trog.
  1761 | D:3      | Reached XP level 5. HP: 39/42 MP: 5/5
  2492 | D:4      | Reached *** piety under Trog
  2713 | D:4      | Reached XP level 6. HP: 31/48 MP: 6/6
  2925 | D:4      | Noticed Edmund
  2946 | D:4      | Killed Edmund
  2984 | D:4      | Gained mutation: You can translocate small distances at will. [potion of mutation]
  2984 | D:4      | Gained mutation: You are resistant to hostile enchantments. (MR+) [potion of mutation]
  3403 | D:4      | Found Anusuji's Assorted Antiques.
  3411 | D:4      | Bought a twisted ivory ring for 130 gold pieces
  3468 | D:4      | Reached XP level 7. HP: 52/55 MP: 7/7
  3718 | D:5      | Entered Level 5 of the Dungeon
  3859 | D:5      | Found a runed door.
  3912 | D:5      | Reached skill level 5 in Fighting
  3912 | D:5      | Reached skill level 5 in Maces & Flails
  3971 | D:5      | Found a staircase to the Ecumenical Temple.
  4031 | D:5      | Reached XP level 8. HP: 62/62 MP: 8/8
  4364 | D:5      | Noticed Crazy Yiuf
  4368 | D:5      | Killed Crazy Yiuf
  4450 | D:6      | Reached skill level 5 in Armour
  4467 | D:6      | Reached skill level 5 in Dodging
  4640 | D:6      | Reached **** piety under Trog
  4691 | D:6      | Reached XP level 9. HP: 59/69 MP: 9/9
  4876 | D:6      | Found a radiant altar of Vehumet.
  5923 | D:8      | Found Lann's General Store.
  6066 | D:8      | Noticed a two-headed ogre
  6072 | D:8      | Killed a two-headed ogre
  6072 | D:8      | Reached XP level 10. HP: 52/79 MP: 10/10
  6089 | D:8      | Noticed a manticore
  6091 | D:8      | HP: 3/79 [manticore (3)]
  6427 | D:8      | Noticed Erica
  6446 | D:7      | Killed Erica
  6734 | D:8      | Killed a manticore
  6803 | D:8      | Reached ***** piety under Trog
  6820 | D:8      | Noticed a two-headed ogre
  6824 | D:8      | Killed a two-headed ogre
  6850 | D:8      | Reached XP level 11. HP: 42/87 MP: 11/11
  7166 | D:8      | Noticed a two-headed ogre
  7176 | D:8      | Killed a two-headed ogre
  7270 | D:8      | Found a staircase to the Lair.
  7794 | D:9      | Got a faintly glowing robe
  7795 | D:9      | Identified the cursed +1 robe "Qius Fio" {rF+ Dex+2} (You found it on level 9 of the Dungeon)
  7866 | D:9      | Received a gift from Trog
  7867 | D:9      | Noticed a two-headed ogre
  7890 | D:9      | Killed a two-headed ogre
  8564 | D:10     | Entered Level 10 of the Dungeon
  8993 | D:10     | Noticed a two-headed ogre
  9217 | D:11     | Noticed a cyclops
  9224 | D:11     | Killed a cyclops
  9253 | D:11     | Noticed a manticore
  9261 | D:11     | Killed a manticore
  9261 | D:11     | Reached XP level 12. HP: 26/97 MP: 12/12
  9629 | D:8      | Bought a +4 ring of strength for 378 gold pieces
 10104 | D:11     | Found a staircase to the Orcish Mines.
 10319 | D:11     | Reached skill level 10 in Fighting
 10319 | D:11     | Reached skill level 10 in Maces & Flails
 10779 | D:11     | Reached skill level 10 in Armour
 10779 | D:11     | Reached skill level 10 in Dodging
 11196 | D:11     | Noticed Urug
 11213 | D:11     | Killed Urug
 11697 | D:12     | Noticed Terra's ghost (journeyman MfSk)
 12499 | D:12     | Killed a two-headed ogre
 12499 | D:12     | Received a gift from Trog
 12744 | D:12     | Noticed a four-headed hydra
 12747 | D:12     | Noticed a six-headed hydra
 12751 | D:12     | Killed a four-headed hydra
 12751 | D:12     | Reached XP level 13. HP: 95/105 MP: 13/13
 12756 | D:12     | Killed a six-headed hydra
 13827 | D:13     | Found a gate to the Vaults.
 13877 | D:13     | Noticed a centaur warrior
 13882 | D:13     | Killed a centaur warrior
 14404 | D:13     | Received a gift from Trog
 15033 | D:14     | Found an opulent altar of Gozag.
 15713 | D:14     | Reached ****** piety under Trog
 15800 | D:14     | Noticed a six-headed hydra
 15805 | D:14     | Killed a six-headed hydra
 15805 | D:14     | Reached XP level 14. HP: 88/114 MP: 14/14
 15966 | D:15     | Entered Level 15 of the Dungeon
 16142 | D:15     | Noticed Josephine
 16149 | D:15     | Killed Josephine
 16190 | D:15     | Received a gift from Trog
 16279 | D:15     | HP: 2/171 [ettin/dire flail (24)]
 16659 | D:15     | Noticed Nessos
 16673 | D:15     | HP: 5/115 [Nessos/arrow (16)]
 16673 | D:15     | HP: 2/115 [Nessos/arrow (3)]
 16675 | D:15     | Succumbed to Nessos's poison

Vault maps used:
D:1:      kennysheep_arrival_forest, minmay_misc_feat_room
D:2:      lightli_temple_of_fire, first_ration
D:4:      serial_shops, shop, lemuel_old_faithful, uniq_edmund
D:5:      minmay_temple_entry_mist, hangedman_decor_clover_reticule,
          uniq_crazy_yiuf_cottage
D:6:      vehumet_altar_wand_db
D:7:      solitary_fountain
D:8:      hangedman_cross_stitches, grunt_lair_entry_orc_guard_hut,
          serial_shops, shop, uniq_erica
D:11:     orc_0_dummy, serial_ice, serial_ice_b, serial_ice_a, serial_ice_k,
          serial_ice_f, serial_ice_m, serial_ice_h, uniq_urug
D:12:     hangedman_pestilent_swarm
D:13:     david_vaults_4
D:14:     nicolae_gozag_cash_rules_everything_around_me,
          portal_ice_cave_entry_imps, dk_noncrumbling_3
D:15:     hangedman_depths_entry_civil_slaughter, serial_bayou_ford_a,
          elyvilon_altar_4, uniq_nessos, uniq_josephine

Skill      XL: |  1  2  3  4  5  6  7  8  9 10 11 12 13 14 |
---------------+-------------------------------------------+-----
Armour         | 3 4 5 7 8 9 10 11 | 11.8
Dodging        | 3 4 5 7 8 9 10 11 | 11.8
Fighting       | 4 5 6 7 8 9 10 11 12 | 12.0
Maces & Flails | 4 5 6 7 8 9 10 12 | 12.9

Action                   |  1- 3 |  4- 6 |  7- 9 | 10-12 | 13-15 || total
-------------------------+-------+-------+-------+-------+-------++-------
Melee: Mace              |    74 |   246 |       |       |       ||   320
       Dire flail        |       |     4 |   202 |   429 |   386 ||  1021
 Fire: Hunting sling     |     5 |     7 |       |    24 |       ||    36
Invok: Berserk           |       |     1 |     2 |     4 |     5 ||    12
  Use: Scroll            |       |     1 |     9 |    20 |     6 ||    36
       Potion            |       |     6 |       |     8 |     5 ||    19
  Eat: Chunk             |     1 |     8 |    10 |    19 |     7 ||    45
       Ration            |       |       |       |     2 |     3 ||     5
Armor: Scale mail        |    34 |   121 |    56 |   122 |   102 ||   435
       Skin              |       |       |       |     2 |       ||     2
Dodge: Dodged            |    48 |   167 |   103 |   324 |   202 ||   844
Block: Other             |       |    27 |    17 |    54 |    39 ||   137
       Reflection        |       |       |     1 |     3 |     6 ||    10

Table legend:
 A = Spawn XP
 B = Non-spawn XP
 C = Spawn XP percentage of total XP
 D = Spawn monster count
 E = Non-spawn monster count
 F = Spawn count percentage of total count
 G = Total turns spent on level
                    A         B        C        D         E        F      G
               +---------+---------+-------+---------+---------+-------+---------
         Total |       0 |   55165 |   0.0 |       0 |     452 |   0.0 | 16675
               +---------+---------+-------+---------+---------+-------+---------
           D:1 |       0 |      46 |   0.0 |       0 |      22 |   0.0 |   783
           D:2 |       0 |      58 |   0.0 |       0 |      21 |   0.0 |   814
           D:3 |       0 |     128 |   0.0 |       0 |      28 |   0.0 |   884
           D:4 |       0 |     447 |   0.0 |       0 |      21 |   0.0 |  1237
           D:5 |       0 |     670 |   0.0 |       0 |      18 |   0.0 |   716
           D:6 |       0 |    1074 |   0.0 |       0 |      20 |   0.0 |   758
           D:7 |       0 |    1672 |   0.0 |       0 |      19 |   0.0 |  1316
           D:8 |       0 |    5517 |   0.0 |       0 |      45 |   0.0 |  1280
           D:9 |       0 |    2651 |   0.0 |       0 |      24 |   0.0 |   814
          D:10 |       0 |    3074 |   0.0 |       0 |      28 |   0.0 |  1063
          D:11 |       0 |    7387 |   0.0 |       0 |      51 |   0.0 |  2791
          D:12 |       0 |    6309 |   0.0 |       0 |      34 |   0.0 |  1066
          D:13 |       0 |    7089 |   0.0 |       0 |      36 |   0.0 |  1174
          D:14 |       0 |    9721 |   0.0 |       0 |      61 |   0.0 |  1270
          D:15 |       0 |    9322 |   0.0 |       0 |      24 |   0.0 |   709
               +---------+---------+-------+---------+---------+-------+---------
